Map: Deathaura LE

Players

RyuKey - Winner!

  • Race: Terran Terran
  • League: Diamond
  • Spawn Location: 5:00

Jaykantos

  • Race: Zerg Zerg
  • League: Platinum
  • Spawn Location: 11:00

VOD

Have the link to the VOD?

Description

Time

  • Played on: June 19, 2020, 7:16 a.m.
  • Length: 9:49
Show
View Real Time Build Order
Export as new Build Order

RyuKey Terran - Winner!

Build Orders:  

Get SALT Encoding   

  12  0:00  SCV  
  13  0:19  Supply Depot  
  13  0:41  Barracks  
  13  0:46  Barracks  
  13  1:02  Barracks  
  13  1:07  SCV  
  14  1:19  SCV  
  15  1:28  Marine  
  16  1:33  Marine  
  17  1:40  Supply Depot  
  17  1:46  Marine  
  18  1:48  Orbital Command  
  18  1:52  Marine  
  19  1:57  Marine  
  20  2:06  Marine  
  21  2:10  Marine  
  21  2:15  Marine  
  23  2:24  Marine  
  23  2:26  SCV  
  23  2:28  Marine  
  26  2:33  Marine  
  27  2:38  Bunker  
  27  2:40  SCV  
  27  2:42  Marine  
  29  2:46  Marine  
  29  2:51  Marine  
  31  2:56  SCV  
  31  3:07  Supply Depot  
  31  3:15  Refinery  
  30  3:37  SCV  
  31  3:49  SCV  
  31  3:56  Supply Depot  
  31  4:01  SCV  
  32  4:03  Refinery  
  32  4:05  Command Center  
  32  4:13  SCV  
  33  4:19  Supply Depot  
  33  4:20  Factory  
  33  4:25  SCV  
  34  4:37  SCV  
  35  4:42  Barracks Reactor, Barracks Tech Lab  
  35  4:49  SCV  
  36  5:01  SCV, Supply Depot  
  36  5:04  Factory Tech Lab  
  37  5:09  Marine  
  38  5:18  Barracks  
  38  5:20  SCV  
  39  5:21  Marine  
  39  5:22  Marine  
  39  5:26  Marine, Supply Depot  
  39  5:27  Barracks Tech Lab  
  42  5:34  Siege Tank, Supply Depot  
  42  5:35  SCV  
  47  5:37  Orbital Command  
  47  5:39  Supply Depot  
  46  5:47  Marauder, Concussive Shells, SCV  
  46  5:49  Marine  
  50  5:55  Barracks Tech Lab  
  50  6:01  SCV  
  51  6:13  SCV x2  
  53  6:25  Marine x3, SCV x2  
  54  6:41  SCV  
  54  6:42  SCV  
  54  6:43  Siege Tank  
  54  6:44  Barracks Reactor  
  52  6:54  Marine  
  52  6:55  Marine x2  
  51  7:03  SCV x2  
  49  7:12  Marine  
  49  7:13  Marine  
  49  7:15  Marine, Marauder, SCV, Siege Tank  
  58  7:24  Marine x2  
  58  7:25  SCV  
  58  7:27  SCV  
  62  7:30  Marine  
  62  7:31  Marauder  
  62  7:33  Marine  
  62  7:36  Marine  
  67  7:37  SCV  
  67  7:39  SCV  
  67  7:41  Marine  
  67  7:42  Marine  
  71  7:48  Marine  
  71  7:49  SCV  
  73  7:51  SCV  
  73  7:52  Marauder  
  73  7:54  Marauder  
  73  7:56  Combat Shield, Stimpack  
  73  7:58  Marine  
  79  7:59  Marine  
  79  8:00  Marine  
  79  8:02  SCV  
  79  8:03  SCV  
  83  8:06  Refinery  
  83  8:07  Refinery  
  83  8:14  Marauder, Command Center  
  85  8:22  Marine  
  85  8:23  Marine  
  87  8:28  Marine x3  
  87  8:29  SCV  
  87  8:30  SCV  
  87  8:31  Siege Tank  
  95  8:34  Marine  
  95  8:40  Marine  
  97  8:48  SCV  
  98  8:50  Marine x3  
  98  8:52  Engineering Bay  
  98  8:53  Engineering Bay  
  102  8:57  Supply Depot, Starport  
  102  8:58  Supply Depot  
  102  8:59  Supply Depot  
  102  9:01  Supply Depot  
  102  9:02  Marine  
  102  9:11  Barracks Reactor  
  102  9:19  Marine x4  
  102  9:23  Supply Depot  
  109  9:29  SCV  
  110  9:34  SCV  
Show
View Real Time Build Order
Export as new Build Order

Jaykantos Zerg 

Build Orders: Hatch First, Roach Nydus 

Get SALT Encoding   

  12  0:01  Drone  
  13  0:13  Overlord  
  13  0:17  Drone  
  14  0:31  Drone x2  
  16  0:40  Drone  
  17  0:53  Hatchery  
  16  1:00  Drone x2  
  18  1:15  Extractor  
  18  1:16  Spawning Pool  
  16  1:18  Drone  
  16  1:21  Drone  
  18  1:44  Drone x2  
  20  2:04  Queen, Drone  
  20  2:05  Queen  
  20  2:07  Zergling x4  
  27  2:13  Drone  
  28  2:16  Overlord  
  28  2:36  Drone x3  
  30  2:39  Spine Crawler  
  30  2:42  Spine Crawler  
  28  2:45  Spine Crawler  
  25  2:58  Lair  
  24  2:59  Zergling x2  
  24  3:00  Zergling x2  
  26  3:10  Zergling x2  
  27  3:26  Extractor  
  26  3:30  Overlord x3  
  26  3:48  Hatchery  
  25  3:50  Drone  
  26  3:58  Roach Warren  
  25  4:27  Nydus Network  
  24  4:57  Roach x6  
  24  4:58  Roach  
  38  5:02  Queen  
  40  5:09  Queen  
  42  5:25  Nydus Canal  
  42  5:38  Roach  
  44  5:43  Overlord x2  
  44  6:01  Roach x3  
  44  6:02  Roach  
  43  6:34  Zergling x2, Roach  
  43  6:35  Roach x2  
  43  6:36  Roach  
  32  7:08  Drone x6  
  35  7:26  Hatchery  
  34  7:43  Drone x5  
  39  8:26  Roach x2  
  39  8:27  Roach x4  
  51  8:39  Drone  
  51  8:40  Drone x4  
  56  8:44  Overlord  
  56  9:10  Drone  
  56  9:11  Drone x4  
  56  9:16  Hatchery  
  60  9:31  Spire  
  60  9:33  Extractor  
Tags
 
Add a new tag
Caveats
  • Supply blocks, unpowered buildings, or Contaminate may cause inaccurate times.
  • Supply counts are checked every 10 seconds.